Map: Ruins of Seras

Players

Wellmet - Winner!

  • Race: Terran Terran

GospelToss

  • Race: Protoss Protoss

VOD

Have the link to the VOD?

Description

Time

  • Played on: Nov. 10, 2015, 1:51 a.m.
  • Length: 7:56
Show
View Real Time Build Order
Export as new Build Order

Wellmet Terran - Winner!

Build Orders: Command Center First (CC), MMM Bio 

Get SALT Encoding   

  12  0:01  SCV  
  13  0:13  SCV  
  14  0:18  Supply Depot  
  14  0:25  SCV  
  15  0:39  SCV  
  16  0:51  SCV  
  17  1:04  SCV  
  18  1:06  Command Center  
  18  1:16  Barracks  
  19  1:18  SCV  
  19  1:30  Barracks  
  19  1:34  SCV  
  19  1:39  Refinery  
  20  1:46  SCV  
  21  2:03  Marine, Orbital Command  
  22  2:12  Bunker  
  22  2:18  Orbital Command  
  22  2:20  Marine  
  23  2:24  Barracks Reactor  
  23  2:28  SCV  
  24  2:39  Barracks Tech Lab  
  24  2:41  SCV  
  25  2:46  Barracks  
  25  2:47  SCV  
  26  2:54  SCV  
  26  2:58  Marine  
  27  2:59  SCV  
  27  3:01  Marine x2  
  30  3:06  Supply Depot, SCV  
  30  3:09  Stimpack  
  31  3:14  SCV  
  31  3:18  SCV, Marine  
  31  3:19  Marine x2  
  36  3:26  SCV  
  37  3:30  Supply Depot, SCV  
  38  3:35  Marine  
  38  3:38  SCV  
  38  3:41  Marine x3  
  40  3:42  SCV  
  40  3:47  Factory  
  40  3:48  Refinery  
  44  3:52  Refinery  
  44  3:55  Supply Depot  
  44  3:57  SCV  
  44  3:58  SCV  
  44  4:00  Marine  
  44  4:02  Marine  
  48  4:03  Marine  
  48  4:05  Marine  
  48  4:09  SCV  
  51  4:16  SCV  
  52  4:17  Supply Depot  
  52  4:20  Marine x2  
  52  4:21  SCV  
  52  4:24  Marine x2  
  55  4:30  SCV  
  58  4:33  SCV  
  58  4:35  Starport  
  58  4:36  Factory Reactor  
  58  4:43  Barracks Reactor  
  58  4:44  Engineering Bay, Marine  
  58  4:46  Marine  
  58  4:49  Marauder  
  58  4:50  SCV  
  58  4:51  SCV  
  62  5:05  Marine x2  
  62  5:08  SCV  
  62  5:09  SCV  
  64  5:19  Marauder  
  63  5:25  SCV x2  
  65  5:29  Barracks, Marine x3  
  65  5:30  Marine  
  65  5:32  Terran Infantry Weapons Level 1  
  65  5:33  Supply Depot  
  65  5:34  Combat Shields, Barracks  
  69  5:36  Supply Depot  
  69  5:41  Factory Reactor  
  69  5:42  Medivac x2  
  66  5:51  Marauder, Marine x2  
  66  5:54  Marine  
  66  5:56  Supply Depot  
  71  5:58  Supply Depot  
  71  5:59  SCV x2  
  73  6:06  Refinery, Marine  
  73  6:10  Marine  
  73  6:11  Marine  
  76  6:12  Medivac x2  
  76  6:15  Marauder  
  76  6:16  Marine  
  76  6:17  SCV  
  85  6:21  Supply Depot, Barracks Tech Lab  
  85  6:23  Barracks Tech Lab  
  84  6:26  Widow Mine x2  
  84  6:28  SCV  
  84  6:29  SCV  
  84  6:31  Marine x3  
  93  6:34  Marine  
  93  6:38  Supply Depot  
  94  6:40  SCV  
  94  6:41  Marauder x2  
  94  6:43  Concussive Shells  
  99  6:49  Marine  
  99  6:50  Marauder  
  102  6:54  Marine x2  
  102  6:58  Marine  
  102  7:01  Widow Mine x2  
  103  7:02  Marine  
  103  7:03  Marauder  
  110  7:10  Marine  
  110  7:11  Marauder  
  110  7:12  Marine  
  114  7:17  Command Center  
  112  7:30  Marine x2  
  112  7:34  Marine x2  
  117  7:40  SCV  
  118  7:45  Supply Depot  
Show
View Real Time Build Order
Export as new Build Order

GospelToss Protoss 

Build Orders:  

Get SALT Encoding   

  12  0:01  Probe (Chrono Boost)  
  13  0:11  Probe (Chrono Boost)  
  14  0:18  Pylon  
  14  0:23  Probe (Chrono Boost)  
  15  0:36  Probe (Chrono Boost)  
  15  0:38  Gateway  
  16  0:47  Probe (Chrono Boost)  
  16  0:49  Assimilator  
  17  0:57  Probe (Chrono Boost)  
  17  0:58  Assimilator  
  18  1:13  Pylon  
  18  1:14  Probe (Chrono Boost)  
  19  1:24  Probe (Chrono Boost)  
  20  1:26  Cybernetics Core  
  20  1:35  Probe (Chrono Boost)  
  21  1:45  Probe (Chrono Boost)  
  22  1:56  Probe (Chrono Boost)  
  23  2:03  Nexus  
  23  2:07  Mothership Core (Chrono Boost)  
  25  2:09  Warp Gate (Chrono Boost)  
  25  2:16  Adept  
  27  2:27  Probe  
  28  2:32  Pylon  
  28  2:39  Probe  
  29  2:47  Pylon  
  29  2:51  Probe (Chrono Boost)  
  30  3:03  Probe (Chrono Boost)  
  31  3:06  Pylon  
  31  3:11  Gateway  
  31  3:14  Probe (Chrono Boost)  
  31  3:15  Gateway  
  31  3:18  Probe (Chrono Boost)  
  33  3:25  Probe (Chrono Boost)  
  34  3:29  Probe (Chrono Boost)  
  34  3:32  Pylon  
  35  3:35  Probe (Chrono Boost), Forge  
  35  3:41  Probe (Chrono Boost)  
  37  3:46  Probe (Chrono Boost)  
  38  3:51  Probe (Chrono Boost)  
  39  3:56  Probe (Chrono Boost)  
  39  4:02  Probe (Chrono Boost)  
  41  4:05  Pylon  
  41  4:07  Probe (Chrono Boost)  
  42  4:10  Protoss Ground Armor Level 1, Photon Cannon  
  42  4:20  Photon Cannon  
  42  4:21  Probe x2 (Chrono Boost), Photon Cannon  
  44  4:30  Twilight Council  
  44  4:32  Probe (Chrono Boost)  
  45  4:45  Probe x2 (Chrono Boost)  
  47  4:55  Probe (Chrono Boost)  
  48  5:12  Probe x2 (Chrono Boost)  
  45  5:22  Probe (Chrono Boost)  
  45  5:23  Stalker x2  
  45  5:25  Zealot  
  45  5:59  Probe (Chrono Boost)  
  45  6:00  Probe (Chrono Boost)  
  47  6:06  Gateway  
  47  6:08  Gateway  
  47  6:10  Gateway, Probe x2 (Chrono Boost)  
  49  6:13  Gateway  
  49  6:16  Gateway x2, Pylon  
  49  6:19  Pylon  
  49  6:21  Probe x2 (Chrono Boost), Assimilator  
  49  6:24  Pylon  
  51  6:26  Assimilator  
  51  6:31  Probe x2 (Chrono Boost)  
  53  6:34  Pylon, Robotics Facility  
  53  6:38  Pylon  
  53  6:40  Photon Cannon  
  53  6:41  Nexus  
  53  6:42  Probe (Chrono Boost)  
  53  6:46  Pylon  
  54  6:50  Zealot x2  
  56  7:01  Zealot  
  55  7:11  Zealot x5  
  65  7:20  Zealot x3  
  71  7:28  Stalker  
  55  7:38  Zealot  
  55  7:39  Zealot  
  55  7:40  Zealot x4  
Tags
 
Add a new tag
Caveats
  • Supply blocks, unpowered buildings, or Contaminate may cause inaccurate times.
  • Supply counts are checked every 10 seconds.